 Dungeon Crawl Stone Soup version 0.21-a0-509-gecc5317 (webtiles) character file.

597 slep the Chopper (level 7, -1/52 HPs)
             Began as a Demonspawn Gladiator on Dec 1, 2017.
             Slain by a phantom (8 damage)
             ... on level 4 of the Dungeon.
             The game lasted 00:12:19 (3030 turns).

slep the Chopper (Demonspawn Gladiator)             Turns: 3030, Time: 00:12:19

Health: -1/52      AC:  5    Str: 16    XL:     7   Next: 17%
Magic:  7/7        EV: 15    Int:  9    God:
Gold:   209        SH:  0    Dex: 15    Spells: 6/6 levels left

rFire    + . .     SeeInvis .   a - +0 war axe
rCold    . . .     Gourm    .   (no shield)
rNeg     . . .     Faith    .   s - +0 troll leather armour {Purgy}
rPois    .         Spirit   .   (helmet restricted)
rElec    +         Reflect  .   (no cloak)
rCorr    .         Harm     .   (no gloves)
MR       .....                  C - +0 pair of boots
Stlth    +.........             p - amulet of regeneration
HPRegen  0.97/turn              (no ring)
MPRegen  0.10/turn              (no ring)

@: lethally poisoned (-1 -> -1)
A: antennae 1, repulsion field 1, blurry vision 1, fire resistance 1,
electricity resistance
a: no special abilities


You were on level 4 of the Dungeon.
You were not hungry.

You visited 1 branch of the dungeon, and saw 4 of its levels.
You also visited: Sewer.

You collected 209 gold pieces.

Inventory:

Hand Weapons
 a - a +0 war axe (weapon)
Missiles
 d - 3 throwing nets (quivered)
Armour
 b - a +0 leather armour
 c - a +0 helmet
 s - a +0 troll leather armour (worn) {Purgy}
 B - a +0 scale mail
 C - a +0 pair of boots (worn)
Jewellery
 p - an amulet of regeneration (around neck)
Scrolls
 e - 2 scrolls of blinking {unknown}
 h - a scroll of enchant weapon {unknown}
 k - 4 scrolls of identify {unknown}
 o - 3 scrolls of remove curse {unknown}
 t - 2 scrolls of teleportation {unknown}
 v - a scroll of amnesia {unknown}
 w - a scroll of enchant armour {unknown}
 y - a scroll of magic mapping {unknown}
 A - 2 scrolls of fear {unknown}
Potions
 g - 5 potions of curing
 i - a potion of heal wounds
 l - 4 potions of agility
 m - 2 potions of flight
 q - a potion of mutation
 u - 2 potions of resistance {unknown}
 x - a potion of might {unknown}
Comestibles
 f - 3 bread rations
 j - 2 fruits
 n - 3 royal jellies
 r - 3 chunks of flesh
 z - a meat ration


   Skills:
 + Level 3.2 Fighting
 + Level 5.8 Axes
 + Level 2.0 Throwing
 + Level 2.3 Armour
 + Level 3.8 Dodging
 + Level 0.9 Stealth


You had 6 spell levels left.
You didn't know any spells.

Dungeon Overview and Level Annotations

Branches:
Dungeon (4/15)
 Temple: D:4-7

Altars:
Ashenzari
Dithmenos
Qazlal


Innate Abilities, Weirdness & Mutations

You have a pair of small antennae on your head.
You are surrounded by a mild repulsion field. (EV +2)
Your flesh is heat resistant. (rF+)
Scrolls take you a little longer to read.
You are resistant to electric shocks. (rElec)


Message History

The phantom is lightly damaged.
You feel sick. The phantom closely misses you.
You barely miss the phantom.
The phantom is lightly damaged.
The phantom hits you.
The phantom blinks!
You barely miss the leopard gecko skeleton.
You feel sick. The leopard gecko skeleton bites you.
You closely miss the leopard gecko skeleton.
You feel sick. The leopard gecko skeleton bites you.
* * * LOW HITPOINT WARNING * * *
You slash the leopard gecko skeleton!
You destroy the leopard gecko skeleton!
You slash the phantom! The phantom hits you.
* * * LOW HITPOINT WARNING * * *
The phantom hits you.
* * * LOW HITPOINT WARNING * * *
You hit the phantom.
The phantom is moderately damaged.
You feel sick. The phantom hits you!
You die...

## #... .## #..# ...##. .. #..#
...... . #... #..##...... .
#....######..#.......
####.....................
.........##..............
.........# #.@W.......
........# #.....#### ###.
...<....# #.$..## .....#
.......## #...## ......
##......### ##...## #......
##.......# #.....## ##.......
#..###........#...#####........
#..# #....###...##).........
##.## ###..# ##.............#


You could see a phantom.

Vanquished Creatures
  Purgy (D:4)
  A big kobold (Sewer)
  A crimson imp (D:3)
  2 orc priests (D:3)
  A hound (D:4)
  An orc wizard (D:4)
  2 worker ants (D:4)
  A hound skeleton (D:4)
  4 gnolls
  2 river rats (D:3)
  4 adders
  2 oozes (D:2)
  4 worms
  A dart slug (D:4)
  5 leopard geckos
  12 orcs
  A giant cockroach (D:1)
  3 goblins (D:1)
  8 hobgoblins
  8 jackals
  A quokka (D:3)
  2 ball pythons
  13 bats
  9 frilled lizards
  11 kobolds
  A leopard gecko skeleton (D:4)
  12 rats
113 creatures vanquished.

Notes
Turn   | Place    | Note
-------+----------+-------------------------------------------
     0 | D:1      | slep the Demonspawn Gladiator began the quest for the Orb.
     0 | D:1      | Reached XP level 1. HP: 16/16 MP: 1/1
    94 | D:1      | Reached skill level 3 in Axes
   110 | D:1      | Gained mutation: You are surrounded by a mild repulsion field. (EV +2) [demonic ancestry]
   110 | D:1      | Reached XP level 2. HP: 13/22 MP: 2/2
   307 | D:1      | Gained mutation: Your flesh is heat resistant. (rF+) [demonic ancestry]
   307 | D:1      | Reached XP level 3. HP: 16/27 MP: 3/3
   624 | D:2      | Found a shattered altar of Ashenzari.
  1027 | D:2      | Reached XP level 4. HP: 30/34 MP: 4/4
  1283 | D:2      | Reached skill level 4 in Axes
  1354 | D:2      | Reached skill level 1 in Armour
  1635 | D:3      | Found a stormy altar of Qazlal.
  1708 | D:3      | Found a glowing drain.
  1716 | D:3      | Reached XP level 5. HP: 38/39 MP: 5/5
  1737 | Sewer    | Entered a sewer
  1826 | Sewer    | Found a white marble altar of Elyvilon.
  2223 | D:3      | Gained mutation: You have a pair of small antennae on your head. [demonic ancestry]
  2223 | D:3      | Reached XP level 6. HP: 46/47 MP: 6/6
  2462 | D:3      | Reached skill level 5 in Axes
  2708 | D:4      | Found a shadowy altar of Dithmenos.
  2782 | D:4      | Noticed Purgy
  2792 | D:4      | Gained mutation: Scrolls take you a little longer to read. [potion of mutation]
  2792 | D:4      | Gained mutation: You are resistant to electric shocks. (rElec) [potion of mutation]
  2813 | D:4      | Killed Purgy
  2813 | D:4      | Reached XP level 7. HP: 38/52 MP: 7/7
  3030 | D:4      | Slain by a phantom

Vault maps used:
D:1:      scummos_arrival_hexagon, interstate_on_off
D:2:      minmay_diamond_boxcup, lemuel_round_altar, first_bread,
          kennysheep_generic_room_4
D:3:      nicolae_overflow_crystal_walls, cheibrodos_sewer_entry_sluice
D:4:      nicolae_dithmenos_through_a_glass_darkly, uniq_purgy
Sewer:    sewer_kobolds

Skill      XL: |  1  2  3  4  5  6 |
---------------+-------------------+-----
Axes           | 3 4 5 |  5.8
Throwing       | 2 |  2.0
Dodging        | 3 |  3.8
Armour         | 1 2 |  2.3
Fighting       | 3 |  3.2
Stealth        | |  0.9

Action                   |  1- 3 |  4- 6 |  7- 9 || total
-------------------------+-------+-------+-------++-------
Melee: War axe           |   130 |   207 |    26 ||   363
  Use: Potion            |       |     7 |       ||     7
 Stab: Sleeping          |     1 |     4 |       ||     5
  Eat: Chunk             |       |     7 |     1 ||     8
Armor: Leather armour    |    37 |    36 |       ||    73
       Scale mail        |       |    25 |       ||    25
       Troll leather arm |       |       |     4 ||     4
Dodge: Dodged            |   109 |   261 |    25 ||   395

Table legend:
 A = Spawn XP
 B = Non-spawn XP
 C = Spawn XP percentage of total XP
 D = Spawn monster count
 E = Non-spawn monster count
 F = Spawn count percentage of total count
 G = Total turns spent on level
                    A         B        C        D         E        F      G
               +---------+---------+-------+---------+---------+-------+---------
         Total |       0 |     854 |   0.0 |       0 |     113 |   0.0 |  3030
               +---------+---------+-------+---------+---------+-------+---------
           D:1 |       0 |      62 |   0.0 |       0 |      30 |   0.0 |   561
           D:2 |       0 |     127 |   0.0 |       0 |      31 |   0.0 |   979
           D:3 |       0 |     225 |   0.0 |       0 |      26 |   0.0 |   906
           D:4 |       0 |     335 |   0.0 |       0 |      17 |   0.0 |   395
         Sewer |       0 |     105 |   0.0 |       0 |       9 |   0.0 |   189
               +---------+---------+-------+---------+---------+-------+---------
